AoeStats
← ncl.zani

Arabia

503153756Analyzed
2v2 RM · 1mo ago on Aug 30, 2026· 39m 49s· 4 players
Game mode
Random Map
Map size
Medium (4 player)
Population
200
Speed
Normal
Resources
Standard
Victory
Conquest
Starting age
Dark Age
Ending age
Imperial Age
RankedLock teamsTeams togetherTeam positionsShared explorationLock speedFull tech treeHidden civsTurbo modeCheats
Victory
Defeat
🇨🇳 Saracens · China
867
+13
🇨🇳 Persians · China
867
+13
🇮🇹 Persians · Italy
856
-15
🇮🇹 Romans · Italy
752
-11
General Brasch
7:18 Loom
10:41 Feudal Age
14:56 Double-Bit Axe
15:18 Fletching
20:45 Castle Age
18:36 Horse Collar
20:50 Crossbowman
21:27 Bodkin Arrow
22:13 Bow Saw
25:05 Wheelbarrow
27:56 Town Watch
31:15 Hand Cart
30:59 Gold Mining
31:20 Padded Archer Armor
32:41 Redemption
36:31 Imperial Age
34:41 Town Patrol
35:53 Thumb Ring
36:45 Heavy Plow
37:03 Husbandry
36:58 Capped Ram
38:29 Bracer
37:51 Arbalester
39:51 Chemistry
39:24 Ballistics
Mr.Bean
5:11 Loom
10:15 Feudal Age
10:41 Double-Bit Axe
10:38 Horse Collar
21:24 Castle Age
21:12 Bloodlines
21:56 Wheelbarrow
22:08 Husbandry
22:30 Scale Barding Armor
22:35 Forging
24:44 Gold Mining
24:46 Stone Mining
25:07 Bow Saw
24:59 Heavy Plow
27:32 Hand Cart
28:57 Iron Casting
28:42 Chain Barding Armor
35:24 Chain Barding Armor
39:48 Imperial Age
37:57 Devotion
39:38 Gold Shaft Mining
39:41 Stone Shaft Mining
ncl.zani
9:36 Feudal Age
11:05 Wheelbarrow
11:14 Double-Bit Axe
18:10 Castle Age
25:47 Man-at-Arms
25:51 Pikeman
31:35 Scale Mail Armor
31:46 Forging
CHESCHIFOLAFIGA
11:46 Feudal Age
12:55 Wheelbarrow
12:07 Double-Bit Axe
12:06 Horse Collar
18:15 Castle Age
25:42 Town Watch
28:30 Bow Saw
28:19 Gold Mining
34:20 Hand Cart
34:04 Fletching
37:44 Kamandaran
38:27 Ballistics
37:38 Crossbowman
Connection lost

Rejoining the realm…

Still unreachable

The connection could not be restored.

Session expired

The server has moved on; the page needs a fresh start.